A+ CENTRAL
LANSING LUGNUTS @ GREAT LAKES LOONS
07/12/2041
 
TOP OF THE 1ST
Lansing Lugnuts batting - Pitching for Great Lakes Loons : LHP Zach Williamson
Pitching: LHP Zach Williamson
Batting: SHB Jim Brown 0-0: Ball
1-0: Called Strike
1-1: Foul Ball, location: 25F
1-2: DOUBLE (Flyball, 89XD, EV 91.9 MPH)
Batting: RHB Dan Wilhelm 0-0: Called Strike
0-1: Ball
1-1: Ball
2-1: Foul Ball, location: 2RF
2-2: Ball
3-2: Foul Ball, location: 2F
3-2: Strikes out swinging
Batting: RHB Tim Ladner 0-0: Ball
1-0: Ball
2-0: Swinging Strike
2-1: Called Strike
2-2: Foul Ball, location: 9LMF
2-2: Strikes out looking
Batting: RHB Ángelo Fuentes 0-0: Ground out 3-1 (Groundball, 34S, EV 70.0 MPH)
Top of the 1st over - 0 runs, 1 hit, 0 errors, 1 left on base; Lansing 0 - Great Lakes 0
BOTTOM OF THE 1ST
Great Lakes Loons batting - Pitching for Lansing Lugnuts : LHP Eric Meyer
Pitching: LHP Eric Meyer
Batting: RHB Stu MacNeill 0-0: Ball
1-0: Ball
2-0: Ground out 1-3 (Groundball, 34S, EV 71.3 MPH)
Batting: RHB Jim Turner 0-0: Ball
1-0: Foul Ball, location: 2F
1-1: Ball
2-1: Foul Ball, location: 2F
2-2: Foul Ball, location: 2F
2-2: Ball
3-2: Base on Balls
Batting: RHB Steve Dickerson 0-0: Grounds into double play, 5-4-3 (Groundball, 56S, EV 92.5 MPH)
Bottom of the 1st over - 0 runs, 0 hits, 0 errors, 0 left on base; Lansing 0 - Great Lakes 0
TOP OF THE 2ND
Lansing Lugnuts batting - Pitching for Great Lakes Loons : LHP Zach Williamson
Batting: RHB Tim Elliott 0-0: Foul Ball, location: 2F
0-1: Ball
1-1: Ball
2-1: Ball
3-1: Base on Balls
Batting: RHB Tomás López 0-0: Ball
1-0: Foul Ball, location: 9LSF
1-1: Foul Ball, location: 25F
1-2: Ball
2-2: Strikes out swinging
Batting: RHB Kel Goacher 0-0: Called Strike
0-1: Foul Ball, location: 9LSF
0-2: Ball
1-2: Foul Ball, location: 9LSF
1-2: Ball
2-2: Strikes out swinging
Batting: RHB Ian Campbell 0-0: Foul Ball, location: 9LSF
0-1: Called Strike
0-2: Strikes out swinging
Top of the 2nd over - 0 runs, 0 hits, 0 errors, 1 left on base; Lansing 0 - Great Lakes 0
BOTTOM OF THE 2ND
Great Lakes Loons batting - Pitching for Lansing Lugnuts : LHP Eric Meyer
Batting: LHB Ken Latrobe 0-0: Ball
1-0: Ball
2-0: Ball
3-0: Called Strike
3-1: Swinging Strike
3-2: Foul Ball, location: 7LSF
3-2: Strikes out looking
Batting: SHB Dave Barker 0-0: SOLO HOME RUN (Flyball, 78XD, EV 109.4 MPH), Distance : 426 ft
Batting: RHB Ty Oswald 0-0: Fly out, F8 (Line Drive, 8RM, EV 87.5 MPH)
Batting: RHB Eric Pérez 0-0: Called Strike
0-1: Ball
1-1: Ball
2-1: Called Strike
2-2: Strikes out swinging
Bottom of the 2nd over - 1 run, 1 hit, 0 errors, 0 left on base; Lansing 0 - Great Lakes 1
TOP OF THE 3RD
Lansing Lugnuts batting - Pitching for Great Lakes Loons : LHP Zach Williamson
Batting: RHB Andy Gray 0-0: SINGLE (Groundball, 3D, EV 101.3 MPH)
Batting: SHB Jim Brown 0-0: Bunted foul
0-1: Sac Bunt to 5S - play at first, batter OUT! 5-3
Andy Gray to second
Batting: RHB Dan Wilhelm 0-0: Ball
1-0: DOUBLE (Groundball, 5L, EV 108.1 MPH)
Andy Gray scores
Batting: RHB Tim Ladner 0-0: Called Strike
0-1: Foul Ball, location: 2F
0-2: Ball
1-2: Ball
2-2: Foul Ball, location: 5F
2-2: Ball
3-2: Base on Balls
Batting: RHB Ángelo Fuentes 0-0: Ball
1-0: Called Strike
1-1: Ball
2-1: Foul Ball, location: 9LDF
2-2: Ball
3-2: Foul Ball, location: 3DF
3-2: Base on Balls
Dan Wilhelm to third
Tim Ladner to second
Batting: RHB Tim Elliott 0-0: Ball
1-0: Called Strike
1-1: Swinging Strike
1-2: Grounds into double play, 5-4-3 (Groundball, 5S, EV 83.1 MPH)
Top of the 3rd over - 1 run, 2 hits, 0 errors, 2 left on base; Lansing 1 - Great Lakes 1
BOTTOM OF THE 3RD
Great Lakes Loons batting - Pitching for Lansing Lugnuts : LHP Eric Meyer
Batting: RHB Bernardo Raozón 0-0: Called Strike
0-1: Ball
1-1: Ball
2-1: Swinging Strike
2-2: Fly out, F7 (Line Drive, 7S, EV 98.1 MPH)
Batting: RHB Raúl Mercado 0-0: Ball
1-0: Foul Ball, location: 2F
1-1: Ball
2-1: Foul Ball, location: 2F
2-2: TRIPLE (Flyball, 78XD, EV 90.0 MPH)
Batting: RHB Stu MacNeill 0-0: Fly out, F9 (Flyball, 89D, EV 105.0 MPH)
Runner from 3rd tags up, SCORES, throw by RF
Batting: RHB Jim Turner 0-0: Foul Ball, location: 2F
0-1: SOLO HOME RUN (Flyball, 78XD, EV 110.0 MPH), Distance : 407 ft
Batting: RHB Steve Dickerson 0-0: Ball
1-0: Ball
2-0: Ball
3-0: Base on Balls
Batting: LHB Ken Latrobe 0-0: Called Strike
Steve Dickerson steals 2nd base
0-1: Ball
1-1: Ball
2-1: Ball
3-1: Foul Ball, location: 3F
3-2: Ground out 5-3 (Groundball, 56, EV 83.1 MPH)
Bottom of the 3rd over - 2 runs, 2 hits, 0 errors, 1 left on base; Lansing 1 - Great Lakes 3
TOP OF THE 4TH
Lansing Lugnuts batting - Pitching for Great Lakes Loons : LHP Zach Williamson
Batting: RHB Tomás López 0-0: Swinging Strike
0-1: Ball
1-1: Called Strike
1-2: Foul Ball, location: 5FF
1-2: Ball
2-2: Foul Ball, location: 9LSF
2-2: Ball
3-2: Strikes out swinging
Batting: RHB Kel Goacher 0-0: SINGLE (Line Drive, 78S, EV 93.8 MPH)
Batting: RHB Ian Campbell 0-0: Called Strike
0-1: Grounds into double play, 4-6-3 (Groundball, 4, EV 104.4 MPH)
Top of the 4th over - 0 runs, 1 hit, 0 errors, 0 left on base; Lansing 1 - Great Lakes 3
BOTTOM OF THE 4TH
Great Lakes Loons batting - Pitching for Lansing Lugnuts : LHP Eric Meyer
Batting: SHB Dave Barker 0-0: Called Strike
0-1: Foul Ball, location: 9LSF
0-2: Ball
1-2: Ball
2-2: Fly out, F8 (Flyball, 8LXD, EV 96.3 MPH)
Batting: RHB Ty Oswald 0-0: Ball
1-0: Called Strike
1-1: Called Strike
1-2: Strikes out swinging
Batting: RHB Eric Pérez 0-0: Called Strike
0-1: Ball
1-1: Ground out 6-3 (Groundball, 6M, EV 80.0 MPH)
Bottom of the 4th over - 0 runs, 0 hits, 0 errors, 0 left on base; Lansing 1 - Great Lakes 3
TOP OF THE 5TH
Lansing Lugnuts batting - Pitching for Great Lakes Loons : LHP Zach Williamson
Batting: RHB Andy Gray 0-0: Ball
1-0: Ball
2-0: Foul Ball, location: 25F
2-1: Ball
3-1: Fly out, F4 (Popup, 34, EV 56.9 MPH)
Batting: SHB Jim Brown 0-0: Ball
1-0: Ball
2-0: Ball
3-0: Called Strike
3-1: Base on Balls
Batting: RHB Dan Wilhelm 0-0: Ball
1-0: Foul Ball, location: 25FF
1-1: Called Strike
Jim Brown is caught stealing 2nd base 2-4
1-2: Ground out 4-3 (Groundball, 34, EV 85.6 MPH)
Top of the 5th over - 0 runs, 0 hits, 0 errors, 0 left on base; Lansing 1 - Great Lakes 3
BOTTOM OF THE 5TH
Great Lakes Loons batting - Pitching for Lansing Lugnuts : LHP Eric Meyer
Batting: RHB Bernardo Raozón 0-0: Swinging Strike
0-1: Swinging Strike
0-2: Foul Ball, location: 3DF
0-2: Strikes out looking
Batting: RHB Raúl Mercado 0-0: Called Strike
0-1: Called Strike
0-2: Foul Ball, location: 2RF
0-2: Fly out, F5 (Popup, 5SF, EV 75.0 MPH)
Batting: RHB Stu MacNeill 0-0: Fly out, F6 (Line Drive, 6D, EV 68.8 MPH)
Bottom of the 5th over - 0 runs, 0 hits, 0 errors, 0 left on base; Lansing 1 - Great Lakes 3
TOP OF THE 6TH
Lansing Lugnuts batting - Pitching for Great Lakes Loons : LHP Zach Williamson
Pitching: RHP Pepe Villarreal
Batting: RHB Tim Ladner 0-0: Swinging Strike
0-1: Ball
1-1: Ball
2-1: Swinging Strike
2-2: Ball
3-2: Fly out, F3 (Popup, 3SF, EV 70.6 MPH)
Batting: RHB Ángelo Fuentes 0-0: Called Strike
0-1: TRIPLE (Line Drive, 9D, EV 111.3 MPH)
Pinch Hitting: LHB Bobby Heyward 0-0: Ball
1-0: Foul Ball, location: 3F
1-1: Foul Ball, location: 3F
1-2: Ground out 4-3 (Groundball, 4, EV 81.9 MPH)
Pinch Hitting: LHB Eric Moon 0-0: Ground out 4-3 (Groundball, 4, EV 108.8 MPH)
Top of the 6th over - 0 runs, 1 hit, 0 errors, 1 left on base; Lansing 1 - Great Lakes 3
BOTTOM OF THE 6TH
Great Lakes Loons batting - Pitching for Lansing Lugnuts : LHP Eric Meyer
Now at SS: Eric Moon
Now in LF: Bobby Heyward
Batting: RHB Jim Turner 0-0: Called Strike
0-1: Ball
1-1: Fly out, F8 (Flyball, 89S, EV 90.6 MPH)
Batting: RHB Steve Dickerson 0-0: Ball
1-0: Foul Ball, location: 9LDF
1-1: Ball
2-1: Foul Ball, location: 5SF
2-2: Ground out 4-3 (Groundball, 4, EV 105.0 MPH)
Batting: LHB Ken Latrobe 0-0: Called Strike
0-1: Foul Ball, location: 2F
0-2: Foul Ball, location: 2LF
0-2: Ball
1-2: SINGLE (Line Drive, 5D, EV 95.6 MPH)
Pitching: RHP Wally Jones
Batting: SHB Dave Barker 0-0: SINGLE (Groundball, P, EV 83.8 MPH) (infield hit)
Ken Latrobe to second
Batting: RHB Ty Oswald 0-0: Swinging Strike
0-1: Swinging Strike
0-2: Foul Ball, location: 2F
0-2: Foul Ball, location: 9LSF
0-2: Ball
1-2: Ball
2-2: Ball
3-2: Base on Balls
Ken Latrobe to third
Dave Barker to second
Batting: RHB Eric Pérez 0-0: Called Strike
0-1: Ball
1-1: Foul Ball, location: 2F
1-2: Strikes out swinging
Bottom of the 6th over - 0 runs, 2 hits, 0 errors, 3 left on base; Lansing 1 - Great Lakes 3
TOP OF THE 7TH
Lansing Lugnuts batting - Pitching for Great Lakes Loons : RHP Pepe Villarreal
Batting: RHB Kel Goacher 0-0: Ball
1-0: Called Strike
1-1: Foul Ball, location: 7LDF
1-2: Strikes out looking
Batting: RHB Ian Campbell 0-0: Ground out 4-3 (Groundball, 4S, EV 80.6 MPH)
Batting: RHB Andy Gray 0-0: Ground out 5-3 (Groundball, 5, EV 97.5 MPH)
Top of the 7th over - 0 runs, 0 hits, 0 errors, 0 left on base; Lansing 1 - Great Lakes 3
BOTTOM OF THE 7TH
Great Lakes Loons batting - Pitching for Lansing Lugnuts : RHP Wally Jones
Batting: RHB Bernardo Raozón 0-0: Ball
1-0: Called Strike
1-1: Ball
2-1: Ball
3-1: Base on Balls
Batting: RHB Raúl Mercado 0-0: Bunt missed!
0-1: Bunted foul
0-2: Foul Ball, location: 2F
0-2: Foul Ball, location: 25F
0-2: Strikes out swinging
Batting: RHB Stu MacNeill 0-0: Foul Ball, location: 2F
0-1: Ball
1-1: SINGLE (Line Drive, 34D, EV 98.1 MPH)
Bernardo Raozón to second
Batting: RHB Jim Turner 0-0: Ball
1-0: Fly out, F2 (Popup, 2RF, EV 88.8 MPH)
Batting: RHB Steve Dickerson 0-0: Called Strike
0-1: Ball
1-1: Fly out, F7 (Flyball, 78M, EV 85.6 MPH)
Bottom of the 7th over - 0 runs, 1 hit, 0 errors, 2 left on base; Lansing 1 - Great Lakes 3
TOP OF THE 8TH
Lansing Lugnuts batting - Pitching for Great Lakes Loons : RHP Pepe Villarreal
Batting: SHB Jim Brown 0-0: Ball
1-0: Foul Ball, location: 7LMF
1-1: Ball
2-1: Foul Ball, location: 2F
2-2: Ball
3-2: Ground out 6-3 (Groundball, 6M, EV 91.9 MPH)
Pinch Hitting: LHB Jim Gibson 0-0: Foul Ball, location: 2F
0-1: Swinging Strike
0-2: Strikes out swinging
Batting: RHB Tim Ladner 0-0: Called Strike
0-1: Called Strike
0-2: Strikes out swinging
Top of the 8th over - 0 runs, 0 hits, 0 errors, 0 left on base; Lansing 1 - Great Lakes 3
BOTTOM OF THE 8TH
Great Lakes Loons batting - Pitching for Lansing Lugnuts : RHP Wally Jones
Now at 1B: Clint Novak
Batting: LHB Ken Latrobe 0-0: Ball
1-0: Called Strike
1-1: Ball
2-1: Ball
3-1: Called Strike
3-2: Ground out U3 (Groundball, 3, EV 90.0 MPH)
Batting: SHB Dave Barker 0-0: Ball
1-0: Fly out, F9 (Flyball, 9D, EV 83.8 MPH)
Batting: RHB Ty Oswald 0-0: Ball
1-0: Ball
2-0: Ball
3-0: Called Strike
3-1: Base on Balls
Batting: RHB Eric Pérez 0-0: Ball
1-0: SINGLE (Line Drive, 3D, EV 75.0 MPH)
Ty Oswald to second
Batting: RHB Bernardo Raozón 0-0: Called Strike
0-1: Ball
1-1: Called Strike
1-2: Ball
2-2: Ball
3-2: Base on Balls
Ty Oswald to third
Eric Pérez to second
Pitching: RHP Ken Ross
Batting: RHB Raúl Mercado 0-0: Foul Ball, location: 2F
0-1: TRIPLE (Flyball, 8LXD, EV 90.6 MPH)
Ty Oswald scores
Eric Pérez scores
Bernardo Raozón scores
Batting: RHB Stu MacNeill 0-0: Ball
1-0: Foul Ball, location: 5F
1-1: Foul Ball, location: 9LSF
1-2: Ball
2-2: Foul Ball, location: 2F
2-2: Foul Ball, location: 9LSFF
2-2: Strikes out swinging
Bottom of the 8th over - 3 runs, 2 hits, 0 errors, 1 left on base; Lansing 1 - Great Lakes 6
TOP OF THE 9TH
Lansing Lugnuts batting - Pitching for Great Lakes Loons : RHP Pepe Villarreal
Batting: RHB Ángelo Fuentes 0-0: Ground out 6-3 (Groundball, 6, EV 106.3 MPH)
Batting: LHB Bobby Heyward 0-0: Ball
1-0: SINGLE (Line Drive, 8LS, EV 100.6 MPH)
Batting: LHB Eric Moon 0-0: Foul Ball, location: 2F
0-1: Ball
1-1: Grounds into double play, 3-6-3 (Groundball, 3, EV 85.0 MPH)
Top of the 9th over - 0 runs, 1 hit, 0 errors, 0 left on base; Lansing 1 - Great Lakes 6
Monday, April 1st , 2024 - OOTP Baseball 24.10 Build 82